 Dungeon Crawl Stone Soup version 0.30-a0-4-ga7cffc901d (webtiles) character file.

Game seed: 10957495979733051876

34 Flugkiller the Trooper (level 3, -2/33 HPs)
             Began as a Minotaur Fighter on Aug 22, 2022.
             Slain by Crazy Yiuf
             ... wielding a +3 quarterstaff of chaos
              (3 damage)
             ... on level 2 of the Dungeon.
             The game lasted 00:00:25 (1120 turns).

Flugkiller the Trooper (Minotaur Fighter)           Turns: 1120, Time: 00:00:26

Health: -2/33      AC:  7    Str: 20    XL:     3   Next: 14%
Magic:  2/2        EV: 14    Int:  5    God:
Gold:   31         SH:  4    Dex: 11    Spells: 2/2 levels left

rFire   . . .      SeeInvis .    a - +0 war axe
rCold   . . .      Faith    .    c - +0 buckler
rNeg    . . .      Spirit   .    b - +0 scale mail
rPois   .          Reflect  .    (helmet restricted)
rElec   .          Harm     .    (no cloak)
rCorr   .          Rampage  .    (no gloves)
Will    .....                    (no boots)
Stlth   ..........               (no amulet)
HPRegen 0.11/turn                (no ring)
MPRegen 0.08/turn                (no ring)

@: agile
A: horns 2, retaliatory headbutt
a: no special abilities


You were on level 2 of the Dungeon.
You visited 1 branch of the dungeon, and saw 2 of its levels.

You collected 31 gold pieces.

Inventory:

Hand Weapons
 a - a +0 war axe (weapon)
Armour
 b - a +0 scale mail (worn)
 c - a +0 buckler (worn)
Jewellery
 g - a ring of magical power
   (You found it on level 1 of the Dungeon)
Scrolls
 e - a scroll of poison {unknown}
 h - a scroll of fear {unknown}
 k - a scroll of teleportation {unknown}
Potions
 d - 2 potions of might
 f - a potion of cancellation {unknown}
 i - a potion of degeneration {unknown}
 j - a potion of curing {unknown}


   Skills:
 + Level 4.1 Fighting
 * Level 3.6 Axes
 + Level 4.0 Armour
 - Level 3.6 Shields


You had 2 spell levels left.
You didn't know any spells.
Your spell library was empty.

Dungeon Overview and Level Annotations

Branches:
Dungeon (2/15)

Altars:

Annotations:
D:2 Crazy Yiuf


Innate Abilities, Weirdness & Mutations

You have a pair of horns on your head.
You reflexively headbutt those who attack you in melee.


Message History

The adder closely misses you.
You barely miss the adder. You headbutt the adder!
You kill the adder!
Your Fighting skill increases to level 4!
Your Armour skill increases to level 4!
You have reached level 3!
Your experience leads to an increase in your attributes!
Increase (s)trength, (i)ntelligence, or (d)exterity?
You feel agile. x2
You now have 19 gold pieces (gained 6).
Found a stone staircase leading down.
i - a puce potion
j - a green potion A bat comes into view.
The bat closely misses you.
You barely miss the bat. Your headbutt misses the bat.
The bat hits you but does no damage. x2; You block the bat's attack.
The bat completely misses you.
You barely miss the bat. The bat hits you but does no damage.
You miss the bat. You headbutt the bat, but do no damage. The bat hits you.
The bat misses you.
You slash the bat!
You kill the bat!
No target in view!
Found a faded altar of an unknown god.
A frilled lizard comes into view.
A frilled lizard is nearby!
You barely miss the frilled lizard.
The frilled lizard completely misses you.
You slash the frilled lizard!
You kill the frilled lizard!
No target in view!
No target in view!
No target in view!
No target in view!
You open the door.
There is an open door here.
k - a scroll labelled ZOOF QYS QUANA You now have 31 gold pieces (gained 12).
Found a hammer.
Found a runed translucent door.
Crazy Yiuf shouts!
You open the door.
There is an open door here.
There is an open door here.
As you open the door, it creaks loudly!
No target in view!
No target in view!
No target in view!
No target in view!
No target in view!
No target in view!
No target in view!
No target in view!
A worm comes into view.
There is an open door here.
A worm is nearby!
A worm is nearby!
The worm barely misses you. You furiously retaliate!
You headbutt the worm. You hit the worm but do no damage.
The worm is moderately wounded.
The worm bites you.
You hit the worm but do no damage. You headbutt the worm!
The worm is severely wounded.
You hit the worm.
You kill the worm!
No target in view!
No target in view!
No target in view!
No target in view!
No target in view!
No target in view!
No target in view!
There is an open door here.
You open the door. You slash Crazy Yiuf!
Crazy Yiuf is moderately wounded.
Crazy Yiuf hits you with a +3 quarterstaff of chaos.
You feel agile all of a sudden.
Crazy Yiuf hits you with a +3 quarterstaff of chaos.
Crazy Yiuf freezes you.
You hit Crazy Yiuf.
Crazy Yiuf is heavily wounded.
You block Crazy Yiuf's attack.
You hit Crazy Yiuf.
Crazy Yiuf is severely wounded.
Crazy Yiuf hits you with a +3 quarterstaff of chaos.
Crazy Yiuf burns you.
You hit Crazy Yiuf. You headbutt Crazy Yiuf.
Crazy Yiuf is almost dead.
You block Crazy Yiuf's attack.
Crazy Yiuf hits you with a +3 quarterstaff of chaos!
* * * LOW HITPOINT WARNING * * *
You resist with some effort.
You are too injured to fight recklessly!
You closely miss Crazy Yiuf. Your headbutt misses Crazy Yiuf.
Crazy Yiuf is almost dead.
Crazy Yiuf hits you with a +3 quarterstaff of chaos!
* * * LOW HITPOINT WARNING * * *
Crazy Yiuf freezes you.
You die...

..####.....####..##
#..#########
.....'.....# #....#
#...........
..####.....# ♣....♣
############ ..#
##....# ♣...♣♣ #...
### ##...# ♣♣.♣♣
#<## . ##..# ♣.♣♣
#.## # ##'# ♣♣.♣
#.## # #.# ♣.♣♣
#..[ #.# ♣♣@♣ ####
##.# #g# # #..# ...
# #..†# #...# #
##..# #..)# # #..#
##### # #..# ...#
#..#


You could see Crazy Yiuf.

Vanquished Creatures
  An adder (D:2)
  A worm (D:2)
  An endoplasm (D:1)
  2 goblins (D:1)
  3 hobgoblins (D:1)
  4 bats
  A frilled lizard (D:2)
  4 kobolds
  5 rats
22 creatures vanquished.

Notes
Turn   | Place    | Note
-------+----------+-------------------------------------------
     0 | D:1      | Flugkiller the Minotaur Fighter began the quest for the
                  | Orb.
     0 | D:1      | Reached XP level 1. HP: 19/19 MP: 0/0
   243 | D:1      | Reached XP level 2. HP: 24/27 MP: 1/1
   878 | D:2      | Reached XP level 3. HP: 33/33 MP: 2/2
   992 | D:2      | Found a faded altar of an unknown god.
  1038 | D:2      | Found a runed translucent door.
  1039 | D:2      | Noticed Crazy Yiuf
  1120 | D:2      | HP: 1/33 [Crazy Yiuf/+3 quarterstaff of chaos (7)]
  1120 | D:2      | Slain by Crazy Yiuf

Illustrated notes

Levels and vault maps discovered:
D:1:      saegor_arrival_simple_b, layout_basic
D:2:      layout_loops_corners, hellmonk_ecumenical_altar_leap_of_faith,
          uniq_crazy_yiuf_cottage, uniq_jessica

Skill      XL: |  1  2 |
---------------+-------+-----
Axes           | 3 |  3.6
Fighting       | 4 |  4.1
Armour         | 4 |  4.0
Shields        | |  3.6

Action                   || total
-------------------------++-------
Melee: War axe           ||    51
       Headbutt          ||     5
Armor: Scale mail        ||    22
Dodge: Dodged            ||    16
Block: Buckler           ||    12

Table legend: (Time is in decaauts)
 A = Elapsed time spent in this place.
 B = Non-inter-level travel time spent in this place.
 C = Inter-level travel time spent in this place.
 D = Time resting spent in this place.
 E = Time spent auto-exploring this place.
 F = Levels seen in this place.
 G = Mean time per level.
                   A        B        C        D        E       F      G
               +--------+--------+--------+--------+--------+-----+--------+
         Total |   1138 |   1109 |     29 |      0 |    955 |   2 |  569.0 |
       Dungeon |   1138 |   1109 |     29 |      0 |    955 |   2 |  569.0 |
               +--------+--------+--------+--------+--------+-----+--------+

Top non-repeatable levels by time:
     D:1: 838 daAuts
     D:2: 299 daAuts
